[Event "Late-Titled-Tuesday-Blitz-January-23-2024"]
[Site "Chess.com"]
[Date "2024.01.23"]
[Round "5"]
[White "jcmesafischer"]
[Black "subham777"]
[Result "1-0"]
[WhiteElo "2369"]
[BlackElo "2533"]
[TimeControl "180+1"]
[EndTime "14:56:05 PST"]
[Termination "jcmesafischer won by resignation"]

1. e4 e6 2. Qe2 c5 3. Nf3 Nc6 4. g3 g6 5. Bg2 Bg7 6. O-O Nge7 7. c3 O-O 8. Re1 d6 9. Na3 a6 10. Nc2 e5 11. d4 cxd4 12. cxd4 Nxd4 13. Ncxd4 exd4 14. Bf4 Be6 15. Qd2 Qb6 16. b3 Rac8 17. Rad1 Nc6 18. Bh6 Bg4 19. Bxg7 Kxg7 20. h3 Bxf3 21.
Bxf3 Ne5 22. Bg2 d3 23. Rc1 Qd4 24. Kh2 Rc5 25. f4 Nc6 26. a3 Rc8 27. b4 Rxc1 28.
Rxc1 Ne7 29. Rxc8 Nxc8 30. Bf1 Nb6 31. Qxd3 Qb2+ 32. Kg1 Qf6 33. h4 h5 34. Qe3 Nc4 35. Bxc4 Qa1+ 36. Bf1 f6 37. Qd3 Qe1 38. Kg2 Qc1 39.
Be2 Qb2 40. Kf2 Qc1 41. Qe3 Qh1 42. Bf3 Qa1 43. Bg2 Qb2+ 44. Kf3 Qb1 45. Bf1 Qxf1+ 46. Qf2 Qd3+ 47. Qe3 Qd1+ 48. Kf2 Qc2+ 49. Kf3 Qc6 50. Qd4 Kf7 51. Ke3 Qc1+ 52. Ke2 Qc2+ 53. Ke3 Qb3+ 54. Qd3 Qe6 55. Qd5 Qxd5 56. exd5 Ke7 57. Kd4 f5 58. Kc4 Kd7 59. b5 Kc7 60. bxa6 bxa6 61. Kb4 Kb6 62. a4 a5+ 63. Kc4 Ka6 64. Kd4 Kb6 65. Kc4 Kb7 66. Kb5 Ka7 67. Kxa5 Kb7 68. Kb5 Ka7 69. a5 Kb7 70. a6+ Ka7 71. Ka5 Ka8 72.
Kb6 Kb8 73. Kc6 Ka7 74. Kxd6 Kxa6 75. Ke7 Kb6 76. d6 Kc5 77. d7 Kd4 78. d8=Q+ Ke3 79. Qd6 Kf3 80. Qxg6 Kg2 81. Qxh5 Kh3 82. Qxf5+ Kxg3 83. Qg5+ Kh3 84. h5 1-0

[Event "Late-Titled-Tuesday-Blitz-January-23-2024"]
[Site "Chess.com"]
[Date "2024.01.23"]
[Round "5"]
[White "Atousa"]
[Black "Andrej2004"]
[Result "0-1"]
[WhiteElo "2469"]
[BlackElo "2618"]
[TimeControl "180+1"]
[EndTime "14:56:06 PST"]
[Termination "Andrej2004 won by checkmate"]

1. e4 e5 2. Nf3 Nc6 3. Bb5 a6 4. Ba4 Nge7 5. c3 g6 6. d4 exd4 7. cxd4 b5 8. Bb3 Bg7 9. O-O O-O 10. d5 Na5 11. Bd2 Nxb3 12. Qxb3 c5 13. Bc3 d6 14. Bxg7 Kxg7 15. Nc3 Bg4 16. Qd1 f5 17. h3 fxe4 18. hxg4 exf3 19. gxf3 Nf5 20. Re1 Nh4 21. Re3 Qf6 22.
Ne4 Nxf3+ 23. Kg2 Nh4+ 24. Kg3 Qe7 25. Qh1 g5 26. Nxg5 Nf5+ 27. gxf5 Qxg5+ 28. Kh2 Qf4+ 29. Rg3+ Kh8 30. Qf3 Rxf5 31. Qxf4 Rxf4 32. Kg2 Rd4 33. Re1 Rxd5 34. Re7 Rg8 35. Ra7 Rxg3+ 36. Kxg3 Rd2 37. Rxa6 Rxb2 38. Rxd6 Rxa2 39. Rd5 Rc2 40. f4 b4 41.
f5 Kg7 42. Kf4 b3 43. Rd7+ Kf6 44. Rd6+ Ke7 45. Rb6 c4 46. Ke5 Re2+ 47. Kd4 Rc2 48. Ke5 Kd7 49. f6 b2 50. Rb7+ Kc6 51. Rb4 Kc5 52. f7 Rf2 53. Rxb2 Rxf7 54. Rb8 Re7+ 55. Kf4 Re1 56. Rc8+ Kd4 57. Rd8+ Kc3 58. Kf3 Kb2 59. Kf2 Re7 60. Rb8+ Kc2 61. Rc8 c3 62. Rc6 Kd2 63.
Rd6+ Kc1 64. Rc6 c2 65. Rc5 Kd1 66. Rd5+ Kc1 67. Rc5 Re4 68. Rc8 Kd2 69. Rd8+ Kc3 70. Rc8+ Rc4 71. Rxc4+ Kxc4 72. Kf3 c1=Q 73. Kg4 Qh6 74.
Kg3 Qg6+ 75. Kh4 Kd4 76. Kh3 Ke3 77. Kh4 Kf3 78. Kh3 Qh6# 0-1

[Event "Late-Titled-Tuesday-Blitz-January-23-2024"]
[Site "Chess.com"]
[Date "2024.01.23"]
[Round "5"]
[White "1mbl4"]
[Black "GiorgianBarbosa"]
[Result "0-1"]
[WhiteElo "2574"]
[BlackElo "2453"]
[TimeControl "180+1"]
[EndTime "14:56:08 PST"]
[Termination "GiorgianBarbosa won by checkmate"]

1. e4 c5 2. d4 g6 3. dxc5 Na6 4. Qd4 Nf6 5. e5 Ng8 6. e6 Nf6 7. exf7+ Kxf7 8. Bc4+ e6 9. Nf3 Bg7 10. Ng5+ Ke8 11.
O-O Qc7 12. Ne4 Nh5 13. Qe3 b6 14. Nd6+ Ke7 15. Qf3 Nxc5 16. Bg5+ Nf6 17. Qxa8 Bb7 18. Qxh8 Bxh8 19. Nxb7 Qxb7 20. Nc3 d5 21. Be2 Kf7 22.
Rfe1 Nfe4 23. Nxe4 Nxe4 24. Be3 Bxb2 25. Rab1 Bc3 26. Rf1 Nd2 27. Bxd2 Bxd2 28. Rfd1 Bf4 29. c4 Bd6 30. cxd5 exd5 31. Bf3 Kg7 32. Rxd5 Qb8 33. Rbd1 Bxh2+ 34. Kh1 h6 35. Rd7+ Kf6 36. g3 Bxg3 37.
fxg3 Qxg3 38. Bg2 Qh4+ 39. Kg1 Qa4 40. R1d6+ Ke5 41. Rd5+ Kf6 42. R7d6+ Ke7 43. Rd2 h5 44. R6d4 Qa5 45. Re4+ Kf6 46. Rf2+ Kg5 47. Rfe2 Kh6 48. Re6 Qc5+ 49. Kh1 Qc1+ 50. Kh2 Qf4+ 51. Kg1 Qd4+ 52.
R2e3 Qa1+ 53. Kh2 Qxa2 54. Rg3 Qxe6 55. Bh3 Qd6 56. Kg2 a5 57. Rf3 a4 58. Kg1 b5 59.
Bf1 b4 60. Rd3 Qc5+ 61. Kg2 b3 62. Rg3 b2 63. Bd3 Qd5+ 64. Kf2 Qxd3 65. Rxd3 b1=Q 66. Rd2 a3 67. Ke2 a2 68. Ke3 a1=Q 69. Re2 Qe5+ 70.
Kf2 Qbf5+ 71. Ke1 Qa1+ 72. Kd2 Qb2+ 73. Kd1 Qfb1# 0-1

[Event "Late-Titled-Tuesday-Blitz-January-23-2024"]
[Site "Chess.com"]
[Date "2024.01.23"]
[Round "5"]
[White "sergoy"]
[Black "LevonAronian"]
[Result "1/2-1/2"]
[WhiteElo "3035"]
[BlackElo "3108"]
[TimeControl "180+1"]
[EndTime "14:56:10 PST"]
[Termination "Game drawn by agreement"]

1. d4 Nf6 2. c4 c5 3. d5 g6 4. Nc3 Bg7 5. e4 d6 6. Nf3 O-O 7. h3 Nbd7 8. Bd3 e5 9. dxe6 fxe6 10. O-O Nh5 11. Be2 Qe7 12. Nb5 Nf4 13. Bxf4 Rxf4 14. Qxd6 Qxd6 15. Nxd6 Ne5 16. Rad1 b6 17. Nxe5 Bxe5 18.
g3 Rf8 19. Nxc8 Raxc8 20. b3 Bd4 21. Kg2 e5 22. f4 exf4 23. gxf4 Rce8 24. Bd3 Kg7 25.
Rf3 Rd8 26. e5 Bc3 27. Rdf1 Rd4 28. Bxg6 Bd2 29. Bh5 Rfxf4 30. e6 Kf6 31. Bg4 Ke7 32. Rd1 h5 33. Bxh5 Kxe6 34. Rxf4 Bxf4 35. Rxd4 cxd4 36. Kf3 Ke5 37. Bg6 Bg5 38. Kg4 Kf6 39. Bd3 Bd2 40.
h4 a5 41. Kf3 Ke5 42. Kg4 Kf6 43. Be2 Bc1 44. h5 Ke5 45. Bd3 Kf6 46. Kf3 Ke5 47. Ke2 Bh6 48. Bg6 Bf8 49. Kd3 Bg7 50. Be8 Bh6 51.
a3 Bf8 52. Bc6 Bxa3 53. h6 Bf8 54. h7 Bg7 55. Be4 Kd6 56. Bd5 Ke5 57. Bg8 Kf4 58.
Bf7 Ke5 59. Bg6 Kf4 60. Ke2 Kg4 61. Bd3 Kf4 62. Kf2 Be5 63. Ke2 Bg7 64. Bc2 Bh8 65. Kd3 Bg7 66. Bb1 Ke5 67. Bc2 Bh8 68. Bd1 1/2-1/2

[Event "Late-Titled-Tuesday-Blitz-January-23-2024"]
[Site "Chess.com"]
[Date "2024.01.23"]
[Round "5"]
[White "AungTZ"]
[Black "SEBAZZANO"]
[Result "1/2-1/2"]
[WhiteElo "2097"]
[BlackElo "2206"]
[TimeControl "180+1"]
[EndTime "14:56:13 PST"]
[Termination "Game drawn by repetition"]

1. e4 e6 2. d4 d5 3. Nc3 dxe4 4. Nxe4 Bd7 5. Nf3 Bc6 6. Bd3 Bxe4 7. Bxe4 c6 8. Be3 Nf6 9. Bd3 Bd6 10. Qe2 Nbd7 11.
O-O-O Qc7 12. Kb1 O-O-O 13. c4 Bf4 14. h3 Rhe8 15. g3 Bxe3 16. Qxe3 Kb8 17. Ne5 Nxe5 18. dxe5 Nd7 19. f4 Qb6 20. Qxb6 axb6 21. h4 Nc5 22. Bxh7 g6 23. h5 Rxd1+ 24. Rxd1 gxh5 25. Rh1 Rh8 26. b4 Nd7 27. Bd3 Kc7 28. Be2 f6 29. exf6 Nxf6 30.
Rh4 Rg8 31. Rh3 Ne4 32. Bxh5 Rxg3 33. Rxg3 Nxg3 34. Bg6 Kd6 35. Kc2 Ne2 36. f5 exf5 37. Kd2 Nd4 38. Kd3 Ke5 39. Be8 c5 40. b5 f4 41. Bd7 f3 42. Ke3 Nc2+ 43. Kxf3 Na3 44.
Bc8 Nxc4 45. Bxb7 Kd4 46. Ke2 Kc3 47. Bd5 Nd6 48. Ke3 Nxb5 49. Kf4 Nd4 50. Ke5 b5 51. Kd6 Kb4 52. Ke5 Nc2 53. Ke4 Na3 54. Kd3 c4+ 55. Kd2 c3+ 56. Kc1 Kc5 57. Bg8 Kd4 58. Bh7 Ke3 59. Bg6 Kd4 60. Bh7 b4 61. Bg6 Nc4 62.
Bf7 Nd2 63. Kc2 Nc4 64. Bg6 Ne3+ 65. Kb3 Nd5 66. a3 bxa3 67. Kxa3 Ke3 68. Kb3 Kd2 69.
Bb1 Nf4 70. Kc4 Ne2 71. Kb3 Kc1 72. Bd3 Kd2 73. Bh7 Nf4 74. Kc4 Ne6 75. Kb3 Nf4 76. Kc4 Ng2 77. Kb3 Ne3 78. Bg6 Nd5 79. Kc4 Nf4 80. Bh7 1/2-1/2

[Event "Late-Titled-Tuesday-Blitz-January-23-2024"]
[Site "Chess.com"]
[Date "2024.01.23"]
[Round "5"]
[White "maximnovik"]
[Black "IndianSchoolOfSuffering"]
[Result "1/2-1/2"]
[WhiteElo "2573"]
[BlackElo "2441"]
[TimeControl "180+1"]
[EndTime "14:56:19 PST"]
[Termination "Game drawn by repetition"]

1. e4 c5 2. Nf3 d6 3. d4 cxd4 4. Nxd4 Nf6 5. Nc3 a6 6. a4 g6 7. Be2 Bg7 8. O-O O-O 9. Be3 Nc6 10. Nxc6 bxc6 11. a5 Be6 12. e5 Nd5 13. Nxd5 Bxd5 14. exd6 exd6 15. Bd4 Rb8 16. Bxg7 Kxg7 17. Qd4+ Qf6 18.
Qxf6+ Kxf6 19. b3 Ra8 20. Rfd1 Rfe8 21. Bf1 Ke7 22. Rd4 Be6 23. Rb4 c5 24. Rb6 c4 25.
bxc4 Rec8 26. Ra4 Rc5 27. h4 Ra7 28. f3 Bd7 29. Ra3 Be6 30. Ra4 Bd7 31. Ra3 Be6 32. Rd3 Bxc4 33. Rdxd6 Bxf1 34. Kxf1 Rxa5 35. Rd2 Rc5 36.
Re2+ Kf8 37. g4 h6 38. Kf2 a5 39. Rb3 a4 40. Ra3 Kg7 41. Kg3 Rc4 42. Rd2 Rac7 43.
Re2 g5 44. hxg5 hxg5 45. Rd2 Kg6 46. Rd6+ f6 47. Ra6 Rxc2 48. R3xa4 Rc1 49. Ra2 Rg1+ 50.
Rg2 Rf1 51. Rf2 Rg1+ 52. Rg2 Rd1 53. Re2 Rd3 54. Ree6 Rf7 55. Red6 Rc3 56. Rdc6 Rxc6 57. Rxc6 Re7 58. Rd6 Rf7 59. Re6 Rd7 60. Rc6 Rd4 61. Kf2 Rb4 62. Ke3 Ra4 63. Rc7 Rf4 64. Rb7 f5 65. Rb6+ Kg7 66. Rb5 Kg6 67. Rb6+ Kg7 68.
Rb5 Kf6 69. Rb6+ Kg7 1/2-1/2

[Event "Late-Titled-Tuesday-Blitz-January-23-2024"]
[Site "Chess.com"]
[Date "2024.01.23"]
[Round "5"]
[White "IraZyne"]
[Black "UnTucopalaTimba"]
[Result "1-0"]
[WhiteElo "2211"]
[BlackElo "1937"]
[TimeControl "180+1"]
[EndTime "14:56:29 PST"]
[Termination "IraZyne won on time"]

1. e4 c6 2. d4 d5 3. exd5 cxd5 4. Bd3 Nf6 5. h3 Nc6 6. c3 g6 7. Nf3 Bg7 8. O-O O-O 9. Re1 e6 10. Bf4 a6 11. Nbd2 b5 12. Nb3 Na5 13. Nc5 Nc4 14.
Qe2 Nd7 15. Nxd7 Bxd7 16. b3 Na5 17. Be5 Nc6 18. Bxg7 Kxg7 19. Rac1 Qf6 20. Ne5 Rfd8 21.
Qe3 Rac8 22. Ng4 Qe7 23. Qh6+ Kg8 24. Re3 Nxd4 25. Rg3 Nf5 26. Bxf5 exf5 27. Nh2 d4 28. cxd4 Rxc1+ 29. Qxc1 Rc8 30. Qd2 Qa3 31. Nf3 Qc1+ 32.
Qxc1 Rxc1+ 33. Kh2 Rc2 34. Ne5 Be6 35. Rd3 Bd5 36. Nd7 Kg7 37. Kg3 Rxa2 38. Nc5 a5 39.
f3 a4 40. bxa4 bxa4 41. Kf4 Kf6 42. h4 h6 43. Nd7+ Ke7 44. Nb6 Be6 45. d5 Bd7 46. d6+ Kd8 47. g4 fxg4 48. fxg4 Rf2+ 49. Ke5 Re2+ 50.
Kf6 Re6+ 51. Kxf7 Re4 52. g5 hxg5 53. hxg5 Rb4 54. Nxa4 Rxa4 55. Kxg6 Rf4 56. Rd5 Be8+ 57.
Kg7 Kd7 58. Re5 Kxd6 59. Rxe8 Kd7 60. Re3 Kd6 61. g6 Rg4 62. Kf6 Rf4+ 63. Kg5 Rf1 64.
g7 Rg1+ 65. Kf6 Rf1+ 66. Kg6 Rg1+ 67. Kf7 Rf1+ 68. Kg8 Rg1 69. Re4 Kd5 70. Re8 Kd6 71. Kh7 Rh1+ 72. Kg6 Rg1+ 73. Kf6 Rf1+ 74. Kg6 Rg1+ 75.
Kf7 Rf1+ 76. Kg8 Rg1 77. Re3 Kd5 78. Kf7 Rf1+ 79. Ke7 Rg1 80. Kf6 Rf1+ 81. Kg6 Rg1+ 82. Kh7 Rh1+ 83. Kg8 Rg1 84. Re2 1-0

[Event "Late-Titled-Tuesday-Blitz-January-23-2024"]
[Site "Chess.com"]
[Date "2024.01.23"]
[Round "5"]
[White "djano"]
[Black "Durarbayli"]
[Result "1/2-1/2"]
[WhiteElo "2697"]
[BlackElo "2866"]
[TimeControl "180+1"]
[EndTime "14:56:50 PST"]
[Termination "Game drawn - insufficient material"]

1. e4 e6 2. d4 d5 3. Bd3 c5 4.
exd5 exd5 5. c3 Nc6 6. Nf3 Bg4 7. O-O cxd4 8. cxd4 Bd6 9. h3 Bh5 10. Re1+ Nge7 11. Be3 h6 12. Nbd2 O-O 13. Qb3 Qd7 14.
Rac1 a6 15. a3 Rac8 16. Qa2 Kh8 17. Qb1 f5 18. Ne5 Bxe5 19. dxe5 Nxe5 20. Rxc8 Rxc8 21.
Bf1 N7c6 22. Nb3 Qf7 23. Bf4 Ng6 24. Bh2 f4 25. Bd3 Nge5 26. Bf5 Rf8 27. Bc2 Bg6 28. Nc5 Bxc2 29. Qxc2 d4 30. Qe4 Qf6 31. b4 a5 32.
Nxb7 axb4 33. axb4 Ng6 34. b5 Nce5 35. Nc5 Rd8 36.
Nd3 Nxd3 37. Qxd3 Kh7 38. Rb1 Rd6 39. Kh1 Re6 40. f3 Rb6 41. Bg1 Qg5 42. Qxd4 Rxb5 43. Rxb5 Qxb5 44. Qe4 Qg5 45. Bf2 Kh8 46. Kh2 Kg8 47.
Qe8+ Kh7 48. Qe4 Qf6 49. Qd3 Qf7 50. Qe4 Qf6 51. Qd3 Qe6 52. Qc2 Kg8 53. Qd3 Ne5 54.
Qd8+ Kh7 55. Qd4 Qf5 56. Qd2 Nf7 57. Qe2 Ng5 58. Bd4 Ne6 59. Qe5 Qg6 60. Bc3 Kg8 61.
Bb2 Kf7 62. Qd5 Kg8 63. Qc4 Qf7 64. Qe4 Kh8 65. Be5 Kg8 66. Kh1 h5 67. Kh2 Kh8 68. Kh1 Kg8 69. Kh2 Nf8 70. Qxf4 Ng6 71. Qxf7+ Kxf7 72. Bd4 Ne7 73. g4 g6 74. gxh5 gxh5 75.
Be5 Nf5 76. f4 Ke6 77. Kg2 Kd5 78. Kf3 Ke6 79. Bc3 Kd5 80. Be5 Nh4+ 81. Ke3 Nf5+ 82. Kd3 Nh4 83. Bf6 Nf5 84. Bg5 Nd6 85. h4 Ke6 86.
Ke3 Kf5 87. Kd4 Ne4 88. Ke3 Ng3 89. Kf3 Ne4 90. Ke3 Nc5 91. Kd4 Ne6+ 92. Ke3 Kg4 93. Ke4 Ng7 94. Ke5 Nf5 95. Kf6 Ng3 96. Kg6 Nf5 97.
Bf6 Kxf4 98. Kxh5 Nxh4 1/2-1/2

[Event "Late-Titled-Tuesday-Blitz-January-23-2024"]
[Site "Chess.com"]
[Date "2024.01.23"]
[Round "5"]
[White "GMHess"]
[Black "Pawngobblerx2000"]
[Result "1/2-1/2"]
[WhiteElo "2807"]
[BlackElo "2576"]
[TimeControl "180+1"]
[EndTime "14:57:04 PST"]
[Termination "Game drawn - insufficient material"]

1. b3 d5 2. Bb2 c5 3. e3 Nc6 4. d3 Nf6 5. Nd2 g6 6. h3 Bg7 7. Ne2 O-O 8. g4 e5 9. Bg2 Be6 10. Ng3 b5 11. e4 Rc8 12. a4 a6 13. axb5 axb5 14. g5 Ne8 15. exd5 Bxd5 16. Nde4 Nc7 17. h4 Ne6 18. c4 bxc4 19. bxc4 Bxe4 20. Bxe4 Ncd4 21. Ne2 f6 22. Bd5 Qd6 23. Nxd4 exd4 24. h5 fxg5 25. hxg6 hxg6 26. Qg4 Rf5 27. O-O-O Kf8 28.
Rd2 Rb8 29. Re1 Nf4 30. Be4 Re5 31. Qd1 Qe7 32. f3 Re6 33. Ba3 Ra6 34. Rb2 Rxb2 35. Bxb2 Be5 36. Kb1 Qc7 37. Qb3 Qa5 38. Rh1 Ra7 39.
Rc1 Ne2 40. Rc2 Qe1+ 41. Bc1 Nc3+ 42. Rxc3 Qxc3 43. Qxc3 dxc3 44. Bxg5 Ra6 45. Be3 Bd4 46. Bc1 Rb6+ 47. Kc2 Ke7 48. Bg5+ Ke6 49. Bf4 Kf6 50. Bc1 Ra6 51. Kb3 Rb6+ 52. Kc2 g5 53. f4 gxf4 54. Bxf4 Rb2+ 55. Kc1 Rf2 56. Bh6 c2 57. Bd2 Bb2+ 58. Kxc2 Ba3 59. Kd1 Bb4 60. Be3 Rf1+ 61. Ke2 Re1+ 62. Kf3 Rf1+ 63. Kg4 Re1 64. Bf2 Rd1 65. Kf3 Ke5 66. Ke3 Rb1 67. Bg3+ Ke6 68. Kf4 Bd2+ 69. Kg4 Bc3 70. Kf3 Be5 71. Bf2 Bd4 72.
Bh4 Rf1+ 73. Ke2 Ra1 74. Bd5+ Ke5 75. Bg3+ Kf5 76. Kf3 Rf1+ 77. Ke2 Ra1 78. Bd6 Kg4 79. Be4 Ra2+ 80. Kd1 Ra1+ 81. Kc2 Ra2+ 82. Kb3 Rb2+ 83. Ka4 Kh3 84. Ka5 Kg4 85. Ka6 Kg5 86. Bc6 Kf6 87. Bb5 Rb3 88. Kb6 Rxd3 89. Bxc5 Bxc5+ 90. Kxc5 Ke5 91.
Kb6 Kd4 92. c5 Rc3 93. c6 Rxc6+ 94. Kxc6 1/2-1/2

[Event "Late-Titled-Tuesday-Blitz-January-23-2024"]
[Site "Chess.com"]
[Date "2024.01.23"]
[Round "5"]
[White "Smile2005"]
[Black "RamyresCoelho"]
[Result "1/2-1/2"]
[WhiteElo "2432"]
[BlackElo "2265"]
[TimeControl "180+1"]
[EndTime "14:57:23 PST"]
[Termination "Game drawn by 50-move rule"]

1. e4 c5 2. Nf3 d6 3. Bb5+ Nd7 4. a4 a6 5. Be2 Ngf6 6. Nc3 g6 7. O-O Bg7 8. a5 O-O 9. d3 e5 10. h3 b6 11. axb6 Qxb6 12. Kh1 Bb7 13. Nd2 d5 14. exd5 Nxd5 15. Nc4 Qe6 16. Bf3 Nxc3 17. bxc3 e4 18.
Bxe4 Bxe4 19. dxe4 Qxc4 20. Be3 Qe6 21. Ra5 Bxc3 22. Ra4 a5 23. Qd3 Bd4 24. Bxd4 cxd4 25. Rxd4 Ne5 26. Qb5 Qa6 27. Qxa6 Rxa6 28. Ra1 Rfa8 29.
Raa4 Nc6 30. Rdc4 Kf8 31. f4 Ke7 32. e5 Ke6 33. Rc5 h5 34. g4 hxg4 35. hxg4 Rh8+ 36. Kg2 Rd8 37. Kf3 Rd2 38. Ke4 Re2+ 39. Kf3 Rxc2 40.
Rxc2 g5 41. Ke4 gxf4 42. Kxf4 Nxe5 43. Re2 f6 44. g5 fxg5+ 45. Kxg5 Kd5 46. Kf5 Nc4 47.
Kg5 Ra8 48. Re7 Rg8+ 49. Kf4 Rf8+ 50. Kg3 Rg8+ 51. Kf2 Rf8+ 52. Ke2 Rd8 53. Rh7 Re8+ 54. Kd1 Rd8 55. Rh5+ Kc6+ 56. Kc1 Rd4 57. Rhxa5 Nxa5 58. Rxa5 Rc4+ 59. Kd2 Rc5 60. Ra8 Kb5 61. Rb8+ Kc6 62.
Rh8 Kd6 63. Ke3 Kc6 64. Ke4 Rc4+ 65. Kd3 Rg4 66. Rh6+ Kd5 67. Ke3 Re4+ 68. Kf3 Rb4 69. Rh5+ Kd6 70. Rh6+ Kd5 71. Rh8 Kd6 72. Ke3 Rb3+ 73.
Kd4 Rb6 74. Kc3 Rc6+ 75. Kd4 Rc7 76. Rh6+ Kd7 77. Kd5 Rc1 78. Rh7+ Ke8 79. Rh8+ Kf7 80. Rh7+ Kg6 81. Rb7 Rd1+ 82. Ke4 Rc1 83. Rb6+ Kg5 84. Kd3 Rd1+ 85. Ke2 Rd8 86. Rb7 Rd5 87. Kf3 Rf5+ 88.
Kg3 Kg6 89. Rb6+ Rf6 90. Rb4 Ra6 91. Kg4 Rf6 92. Rb5 Ra6 93. Rg5+ Kh6 94. Rf5 Rg6+ 95.
Kh4 Ra6 96. Rh5+ Kg7 97. Rg5+ Kh7 98. Kh5 Kh8 99. Rb5 Ra8 100. Rb7 Re8 101. Kg6 Re6+ 102. Kf7 Re1 103. Rb5 Rf1+ 104. Kg6 Rg1+ 105. Kh6 Rh1+ 106. Kg6 Rg1+ 107. Kf7 Rf1+ 108. Ke6 1/2-1/2

[Event "Late-Titled-Tuesday-Blitz-January-23-2024"]
[Site "Chess.com"]
[Date "2024.01.23"]
[Round "5"]
[White "stasOR4ik"]
[Black "BardArtem"]
[Result "1/2-1/2"]
[WhiteElo "2412"]
[BlackElo "2786"]
[TimeControl "180+1"]
[EndTime "14:57:32 PST"]
[Termination "Game drawn by 50-move rule"]

1. e4 c5 2. c3 d5 3. exd5 Qxd5 4. Nf3 Nf6 5. d4 g6 6. dxc5 Qxd1+ 7. Kxd1 Bg7 8. Nbd2 O-O 9. Bc4 Nbd7 10. Nb3 Ng4 11. Ke2 Nge5 12. Bd5 Nxf3 13. Bxf3 Ne5 14. Bg5 Be6 15.
Rhd1 Bc4+ 16. Ke3 h6 17. Bf4 Nxf3 18. Kxf3 e5 19. Be3 f5 20. g3 f4 21. gxf4 exf4 22. Bd4 Rae8 23. Bxg7 Be2+ 24. Kg2 f3+ 25. Kg3 Rf5 26.
Bxh6 Bxd1 27. Rxd1 g5 28. Kg4 Ree5 29. Rd7 Rf4+ 30.
Kg3 Ree4 31. Rg7+ Kh8 32. Rxg5 Kh7 33. Bg7 Rf7 34. Bd4 Re2 35. Nc1 Rxb2 36. Nd3 Rxa2 37. Ne5 Rg7 38. Rxg7+ Kxg7 39. Nxf3+ Kf7 40. Kf4 Ke6 41.
Ke4 a5 42. h4 a4 43. h5 a3 44.
h6 Re2+ 45. Kd3 a2 46. c4 Rxf2 47. Bxf2 a1=Q 48. Bd4 Qh1 49. Ng5+ Kf5 50. h7 Qd1+ 51. Ke3 Qc1+ 52. Ke2 Qxc4+ 53. Ke3 Qb3+ 54. Kd2 Qb4+ 55. Bc3 Qf4+ 56. Kc2 Kxg5 57. h8=Q Qf2+ 58. Kb3 Qxc5 59.
Qf6+ Kg4 60. Qg7+ Kf3 61. Qxb7+ Ke2 62. Qe4+ Kf1 63. Qd3+ Kg2 64. Qe4+ Kf1 65. Qf3+ Qf2 66. Qd3+ Qe2 67. Qf5+ Qf2 68. Qd5 Qe2 69. Qh1+ Kf2 70. Bd4+ Kg3 71. Qg1+ Qg2 72. Be5+ Kf3 73. Qd1+ Qe2 74.
Qh1+ Kg4 75. Qg1+ Kf5 76. Bc3 Qb5+ 77. Kc2 Qe2+ 78. Kc1 Qc4 79. Qe3 Qf4 80. Kd2 Qd6+ 81.
Kc2 Qc6 82. Qe5+ Kg4 83. Qd4+ Kf5 84. Qd3+ Ke6 85. Qe3+ Kd7 86. Qd4+ Kc8 87. Qg7 Qe4+ 88. Kb3 Qc6 89. Kb4 Qb6+ 90. Kc4 Qc6+ 91. Kd3 Qd5+ 92.
Kc2 Qa2+ 93. Bb2 Qc4+ 94. Kb1 Qf1+ 95. Ka2 Qa6+ 96. Kb3 Qb5+ 97. Kc3 Qc5+ 98. Kb3 Qb6+ 99. Kc4 Qc6+ 100. Kd4 Qd6+ 101. Ke4 Qe6+ 102. Be5 Qc4+ 103. Kf5 Qf1+ 104. Kg6 Qg2+ 105. Kf7 Qd5+ 106. Kf8 Qd8+ 107. Kf7 Qd7+ 108. Kg6 Qg4+ 109. Kh7 Qh5+ 110. Kg8 Qe8+ 111. Kh7 1/2-1/2

[Event "Late-Titled-Tuesday-Blitz-January-23-2024"]
[Site "Chess.com"]
[Date "2024.01.23"]
[Round "6"]
[White "traviscottofficial"]
[Black "stasOR4ik"]
[Result "1-0"]
[WhiteElo "2533"]
[BlackElo "2407"]
[TimeControl "180+1"]
[EndTime "14:59:15 PST"]
[Termination "traviscottofficial won by resignation"]

1. e4 c6 2. f3 d5 3. d4 e5 4.
dxe5 dxe4 5. Qxd8+ Kxd8 6. Nc3 exf3 7. Nxf3 Nd7 8. Bc4 f6 9. Bf4 fxe5 10. Nxe5 Ngf6 11. Nf7+ Ke8 12. Nxh8 Bb4 13. O-O-O Nb6 14. Rhe1+ Kf8 15. Rd8+ 1-0

[Event "Late-Titled-Tuesday-Blitz-January-23-2024"]
[Site "Chess.com"]
[Date "2024.01.23"]
[Round "6"]
[White "Pawngobblerx2000"]
[Black "AlexPapasimakopoulos"]
[Result "0-1"]
[WhiteElo "2572"]
[BlackElo "2764"]
[TimeControl "180+1"]
[EndTime "14:59:56 PST"]
[Termination "AlexPapasimakopoulos won by resignation"]

1. c4 e6 2. g3 d5 3. Nf3 Nf6 4. Bg2 Be7 5. O-O O-O 6. d4 c6 7.
b3 b6 8. Qc2 Ba6 9. Ne5 Nfd7 10. Nd3 Nf6 11. Bf4 Nbd7 12. Nd2 Rc8 13. b4 dxc4 14.
Nxc4 Nd5 15. Bd6 Bxc4 16. Bxe7 Bxd3 0-1

[Event "Late-Titled-Tuesday-Blitz-January-23-2024"]
[Site "Chess.com"]
[Date "2024.01.23"]
[Round "6"]
[White "FairChess_on_YouTube"]
[Black "vugarrasulov"]
[Result "1-0"]
[WhiteElo "3095"]
[BlackElo "2938"]
[TimeControl "180+1"]
[EndTime "14:59:57 PST"]
[Termination "FairChess_on_YouTube won by resignation"]

1. c4 Nf6 2. Nc3 e6 3. e4 c5 4. Nf3 Nc6 5. Be2 d5 6. exd5 exd5 7. d4 Be6 8. cxd5 Nxd5 9. O-O Be7 10. dxc5 Nxc3 11.
bxc3 Qxd1 12. Rxd1 Bxc5 13. Ng5 Bf5 14. Rd5 Bd4 15.
cxd4 Bg6 16. Ba3 h6 17. Re1 1-0

[Event "Late-Titled-Tuesday-Blitz-January-23-2024"]
[Site "Chess.com"]
[Date "2024.01.23"]
[Round "6"]
[White "howitzer14"]
[Black "finec2"]
[Result "1-0"]
[WhiteElo "2953"]
[BlackElo "2198"]
[TimeControl "180+1"]
[EndTime "15:00:40 PST"]
[Termination "howitzer14 won by resignation"]

1. d4 Nf6 2. c4 g6 3. Nc3 Bg7 4.
e4 d6 5. Bd3 O-O 6. Nge2 c5 7. d5 e6 8. O-O exd5 9. exd5 Re8 10. h3 h6 11. Bf4 a6 12. Qd2 Kh7 13. Rae1 Qe7 14. Ng3 Qf8 15. Nce4 Nxe4 16. Nxe4 Be5 17. Bxe5 Rxe5 18. f4 Re8 19. Nf6+ 1-0

[Event "Late-Titled-Tuesday-Blitz-January-23-2024"]
[Site "Chess.com"]
[Date "2024.01.23"]
[Round "6"]
[White "DanylaBagrov"]
[Black "underthebridge1999"]
[Result "1-0"]
[WhiteElo "2529"]
[BlackElo "2366"]
[TimeControl "180+1"]
[EndTime "15:01:11 PST"]
[Termination "DanylaBagrov won by resignation"]

1. d4 d5 2. Bf4 Nf6 3. e3 Nbd7 4. Nf3 g6 5. Nbd2 Bg7 6. h3 O-O 7. c4 dxc4 8. Bxc4 Nb6 9. Bb3 Nfd5 10. Bg3 c6 11.
O-O a6 12. Rc1 a5 13. a3 a4 14. Ba2 Be6 15. Ng5 Nxe3 16. Nxe6 Nxd1 17. Nxd8 Nxb2 18. Nxb7 Bxd4 19. Rxc6 Nd3 20. Nf3 Ra7 21. Nxd4 Rxb7 22. Rb1 1-0

[Event "Late-Titled-Tuesday-Blitz-January-23-2024"]
[Site "Chess.com"]
[Date "2024.01.23"]
[Round "6"]
[White "GoValya"]
[Black "maurovargas01"]
[Result "1-0"]
[WhiteElo "2291"]
[BlackElo "1836"]
[TimeControl "180+1"]
[EndTime "15:01:21 PST"]
[Termination "GoValya won by checkmate"]

1. d4 d5 2. g3 Nf6 3. Bg2 Nbd7 4. Nf3 b6 5. O-O Bb7 6. c4 dxc4 7. Nbd2 b5 8. a4 c6 9. e4 Qc7 10. Qe2 a6 11. e5 Nd5 12. e6 fxe6 13. Ne4 N7f6 14. Nc5 Qc8 15. Nxe6 g6 16. Bh3 Qb8 17. Re1 Kf7 18. Nfg5+ Kg8 19. Nc5 h6 20. Qe6+ Kg7 21.
Qf7# 1-0

[Event "Late-Titled-Tuesday-Blitz-January-23-2024"]
[Site "Chess.com"]
[Date "2024.01.23"]
[Round "6"]
[White "Arifarsky"]
[Black "colegiodemadrid"]
[Result "1-0"]
[WhiteElo "2696"]
[BlackElo "2506"]
[TimeControl "180+1"]
[EndTime "15:01:23 PST"]
[Termination "Arifarsky won by resignation"]

1. d4 d5 2. Nf3 e6 3. Bf4 Bd6 4. Bg3 Nf6 5. e3 b6 6. Nbd2 O-O 7. Bd3 Ba6 8. Bxa6 Nxa6 9. Qe2 Nb8 10. Ne5 c5 11. c3 Qc7 12. O-O Nfd7 13. f4 Nf6 14. f5 exf5 15. Rxf5 Nbd7 16. Raf1 Rae8 17. Nxd7 Nxd7 18.
Rxd5 Bxg3 19. hxg3 Nf6 20. Rg5 cxd4 21. Rxf6 Rxe3 22.
Qg4 g6 23. Qxd4 Rxg3 24. Rxg3 Qxg3 25. Ne4 Qe1+ 26. Rf1 Qe2 27. Nf6+ 1-0

[Event "Late-Titled-Tuesday-Blitz-January-23-2024"]
[Site "Chess.com"]
[Date "2024.01.23"]
[Round "6"]
[White "wild3000"]
[Black "ArmanGhevondyanchess"]
[Result "1/2-1/2"]
[WhiteElo "2457"]
[BlackElo "2584"]
[TimeControl "180+1"]
[EndTime "15:01:25 PST"]
[Termination "Game drawn by agreement"]

1. d4 d5 2. Nf3 e6 3. e3 Nf6 4. Be2 Be7 5. O-O O-O 6. b3 c5 7. Bb2 Nc6 8. c4 cxd4 9. Nxd4 Nxd4 10. Qxd4 dxc4 11. Qxd8 Rxd8 12. Bxc4 Bd7 13. Nc3 Bc6 14. Rfd1 Ne4 15. Nxe4 Bxe4 16. Rac1 Rxd1+ 17. Rxd1 Rd8 18. Rxd8+ Bxd8 19. Bd4 a6 20. f3 Bc6 21. a4 Bf6 22. Bb6 Kf8 23. Kf2 Ke7 24. Bc5+ Kd7 25. a5 Bc3 26. b4 Be5 27. h4 Bd6 28. Bxd6 Kxd6 29. e4 f6 30. Ke3 e5 31. g3 1/2-1/2

[Event "Late-Titled-Tuesday-Blitz-January-23-2024"]
[Site "Chess.com"]
[Date "2024.01.23"]
[Round "6"]
[White "pr1105"]
[Black "MokshanovAlexey"]
[Result "0-1"]
[WhiteElo "2322"]
[BlackElo "2645"]
[TimeControl "180+1"]
[EndTime "15:01:56 PST"]
[Termination "MokshanovAlexey won by resignation"]

1. e4 e6 2. d4 d5 3. Nc3 Nf6 4. e5 Nfd7 5. f4 c5 6. Nf3 Nc6 7. Be3 Be7 8. Qd2 O-O 9. dxc5 Bxc5 10.
O-O-O Qa5 11. Kb1 Rb8 12. Nd4 Nxd4 13. Bxd4 Bxd4 14. Qxd4 b5 15. Bd3 b4 16. Ne2 Ba6 17. h4 Bxd3 18. Rxd3 Nc5 19. Re3 Ne4 20. h5 h6 21. g4 Rfc8 22. b3 Nc3+ 23. Nxc3 bxc3 24. Rhh3 Rc4 25. Qd3 Qa3 0-1